Map: Zen LE

Players

Sologum

  • Race: Zerg Zerg
  • Spawn Location: 7:00

xSaintApocx - Winner!

  • Race: Terran Terran
  • League: Silver
  • Spawn Location: 1:00

VOD

Have the link to the VOD?

Description

Time

  • Played on: Dec. 2, 2019, 4:53 a.m.
  • Length: 27:55
Show
View Real Time Build Order
Export as new Build Order

Sologum Zerg 

Build Orders: Hatch First, Lurkers 

Get SALT Encoding   

  12  0:01  Drone  
  13  0:12  Drone  
  14  0:18  Overlord  
  14  0:37  Drone x2  
  16  0:53  Drone  
  16  0:54  Hatchery  
  16  1:08  Spawning Pool  
  16  1:11  Extractor  
  14  1:12  Drone  
  14  1:16  Drone  
  16  1:20  Drone  
  17  1:28  Drone  
  18  1:39  Drone  
  19  1:46  Drone  
  20  1:57  Queen  
  22  2:03  Extractor  
  22  2:05  Zergling x2  
  22  2:12  Metabolic Boost  
  22  2:15  Zergling x4  
  24  2:17  Overlord  
  24  2:18  Queen  
  26  2:24  Drone  
  26  2:28  Drone  
  28  2:42  Drone x3  
  31  2:49  Baneling Nest  
  30  2:57  Roach Warren  
  29  3:00  Drone  
  29  3:02  Drone  
  30  3:15  Drone  
  30  3:16  Drone x2  
  33  3:23  Drone  
  33  3:26  Lair  
  34  3:29  Drone x2  
  36  3:47  Evolution Chamber  
  35  3:51  Overlord x3  
  35  3:55  Drone  
  35  3:58  Extractor  
  35  3:59  Extractor, Drone  
  35  4:00  Drone  
  36  4:09  Queen  
  38  4:13  Zerg Ground Armor Level 1  
  38  4:17  Zergling x2  
  38  4:18  Zergling x2  
  40  4:29  Zergling x8  
  40  4:30  Zergling x2  
  45  4:37  Glial Reconstitution  
  45  4:39  Zergling x2  
  45  4:40  Zergling x4  
  45  4:43  Drone x2  
  49  5:06  Baneling x2  
  49  5:07  Baneling  
  49  5:11  Baneling  
  49  5:17  Roach x5  
  49  5:18  Overlord x3  
  49  5:43  Zergling x12  
  54  5:58  Zergling x2  
  54  5:59  Zergling x12  
  61  6:12  Hydralisk Den  
  61  6:16  Drone x3  
  63  6:20  Baneling x2  
  63  6:21  Baneling x5, Hatchery  
  62  6:26  Roach  
  62  6:27  Roach x3  
  61  6:59  Hydralisk x5  
  69  7:01  Roach  
  69  7:02  Roach  
  69  7:07  Zergling x8  
  73  7:26  Hydralisk x3  
  69  7:36  Hydralisk x2  
  73  7:51  Drone x2  
  74  7:52  Drone x2  
  77  7:58  Zerg Ground Armor Level 2  
  77  8:06  Hydralisk x2  
  77  8:08  Zergling x4  
  83  8:21  Zergling x12  
  89  8:30  Muscular Augments  
  89  8:43  Drone  
  90  8:49  Overlord x3  
  90  8:52  Extractor  
  65  9:21  Zergling x2  
  65  9:22  Zergling x34  
  75  9:41  Tunneling Claws  
  75  9:43  Lurker Den, Burrow  
  75  9:44  Drone x2  
  76  10:18  Roach  
  76  10:19  Roach x11  
  100  10:23  Baneling x4  
  100  10:24  Baneling x3  
  100  10:27  Overlord  
  100  10:36  Overseer  
  100  10:40  Overseer  
  100  10:41  Overseer  
  100  10:46  Overseer  
  100  10:48  Overseer  
  100  10:52  Lurker  
  100  10:55  Lurker  
  100  10:56  Lurker  
  103  10:58  Lurker  
  103  11:01  Hydralisk  
  103  11:02  Hydralisk  
  103  11:03  Hydralisk  
  110  11:04  Zergling x2  
  110  11:05  Zergling x20  
  103  11:48  Roach  
  103  11:49  Roach x4  
  113  12:19  Overlord x4  
  113  12:20  Overlord  
  113  12:38  Roach x7  
  105  13:18  Roach  
  105  13:19  Roach x8  
  96  13:31  Hydralisk x2  
  96  13:32  Hydralisk  
  99  13:53  Spire  
  99  13:55  Overseer  
  98  13:57  Zerg Missile Weapons Level 1  
  98  14:04  Hydralisk x4  
  106  14:11  Lurker  
  106  14:15  Lurker  
  106  14:16  Zergling x2  
  106  14:17  Zergling x2  
  110  14:25  Zergling x14  
  110  14:26  Zergling x2  
  118  14:38  Zergling x2  
  119  14:41  Roach x5  
  119  14:45  Lurker  
  130  14:46  Hatchery  
  129  15:16  Baneling x6  
  129  15:25  Overlord  
  129  15:26  Overlord x2  
  129  15:28  Mutalisk  
  129  15:29  Mutalisk x2  
  129  15:31  Corruptor  
  129  15:32  Corruptor x6  
  149  15:38  Overlord  
  149  15:39  Extractor  
  148  15:44  Zerg Flyer Weapons Level 1  
  148  15:59  Corruptor  
  148  16:00  Corruptor  
  152  16:04  Drone  
  152  16:05  Drone x2  
  152  16:06  Corruptor  
  157  16:12  Hydralisk x2  
  161  16:40  Extractor, Drone x4  
  161  16:44  Extractor  
  162  17:26  Corruptor x7  
  173  18:02  Corruptor  
  173  18:03  Corruptor x3  
  175  18:11  Drone x3  
  175  18:12  Drone  
  179  18:24  Corruptor  
  179  18:25  Corruptor  
  183  18:27  Zergling x2  
  181  18:50  Corruptor  
  181  18:55  Overlord x4  
  183  18:56  Overlord x2  
  137  19:21  Hydralisk, Roach  
  137  19:22  Roach, Hydralisk x4  
  114  19:34  Zergling x2  
  114  19:35  Zergling x16  
  93  19:50  Corruptor x2  
  93  19:51  Corruptor x2  
  99  20:01  Corruptor  
  100  20:29  Hatchery  
  90  20:58  Corruptor x2  
  82  21:13  Corruptor  
  82  21:14  Corruptor x5  
  94  21:34  Corruptor  
  94  21:35  Corruptor  
  94  21:36  Corruptor  
  100  21:41  Overlord  
  100  21:52  Zerg Flyer Weapons Level 2  
  100  22:05  Corruptor x3  
  106  22:28  Corruptor x2, Zergling x2  
  111  22:38  Infestation Pit  
  111  22:39  Drone  
  111  22:58  Corruptor  
  111  22:59  Corruptor x3  
  119  23:13  Corruptor  
  119  23:14  Corruptor x2  
  118  23:37  Corruptor  
  118  23:38  Corruptor x3  
  102  23:47  Corruptor  
  100  23:50  Swarm Host  
  101  24:00  Zergling x2  
  101  24:01  Corruptor  
  96  24:22  Corruptor x2  
  96  24:23  Corruptor x2  
  94  24:26  Drone  
  94  24:27  Drone  
  84  24:35  Corruptor, Zergling x2  
  79  24:49  Corruptor  
  79  24:50  Corruptor  
  83  25:02  Corruptor  
  83  25:03  Corruptor  
  83  25:11  Corruptor  
  83  25:12  Corruptor  
  83  25:18  Corruptor  
  78  25:40  Corruptor  
  78  25:41  Corruptor  
  63  25:53  Corruptor  
  63  25:54  Corruptor x2  
  49  26:45  Drone x3  
  49  26:46  Drone  
  51  27:06  Drone, Spawning Pool  
  51  27:07  Drone  
Show
View Real Time Build Order
Export as new Build Order

xSaintApocx Terran - Winner!

Build Orders:  

Get SALT Encoding   

  12  0:01  SCV  
  13  0:13  SCV  
  14  0:20  Supply Depot  
  14  0:25  SCV  
  15  0:41  SCV  
  16  0:43  Barracks  
  16  0:49  Supply Depot  
  16  0:53  SCV  
  17  1:05  SCV  
  18  1:14  Barracks  
  18  1:18  SCV  
  19  1:30  SCV  
  19  1:31  Barracks  
  20  1:37  Marine  
  21  1:45  Refinery  
  21  1:54  Orbital Command  
  21  2:01  Engineering Bay  
  21  2:02  Marine  
  21  2:05  Marine  
  23  2:11  Refinery  
  23  2:19  Marine  
  23  2:20  Marine  
  25  2:23  Marine  
  25  2:27  SCV  
  27  2:37  Marine  
  27  2:39  SCV  
  29  2:47  Missile Turret  
  30  2:51  SCV  
  30  3:01  Command Center  
  30  3:05  SCV  
  31  3:26  Barracks Tech Lab  
  31  3:39  Barracks Tech Lab  
  31  3:44  Barracks Tech Lab  
  31  3:46  Combat Shield  
  31  3:50  Terran Infantry Armor Level 1  
  31  3:58  Engineering Bay  
  31  4:00  Concussive Shells  
  31  4:20  SCV  
  32  4:29  Supply Depot  
  32  4:30  Supply Depot x2  
  32  4:32  Supply Depot, SCV  
  32  4:37  Planetary Fortress  
  33  4:44  SCV  
  33  4:45  Marine x3  
  37  4:56  SCV  
  37  4:59  Missile Turret  
  38  5:02  Marine  
  38  5:03  Marine x2  
  41  5:07  Missile Turret  
  41  5:09  SCV  
  41  5:13  SCV  
  43  5:19  Stimpack  
  43  5:25  SCV  
  43  5:26  Terran Infantry Weapons Level 1  
  44  5:37  SCV  
  38  5:54  Factory  
  38  5:56  Marauder  
  44  5:57  Marauder x2  
  44  6:00  SCV  
  44  6:03  SCV  
  46  6:12  Refinery x2, SCV  
  46  6:15  SCV  
  46  6:18  Marauder x3  
  54  6:40  Starport  
  45  6:48  Factory Reactor  
  41  6:57  Marauder x3  
  39  7:39  Supply Depot  
  39  7:40  Widow Mine x2  
  43  7:45  Starport Reactor  
  43  7:47  Marine  
  43  7:48  Marine x2  
  46  8:02  Widow Mine x2  
  46  8:05  Marine x3  
  53  8:23  Widow Mine x2, Marine x3  
  60  8:38  Armory  
  60  8:41  Starport, Marine x3  
  61  8:42  Starport  
  61  8:44  Armory  
  61  8:46  Starport  
  63  8:58  Marine  
  63  8:59  Marine x2  
  62  9:17  Marauder x3  
  66  9:26  Hellion x2  
  66  9:29  Medivac x2  
  76  9:38  Marauder  
  76  9:39  Marauder  
  76  9:45  Supply Depot  
  78  9:46  Supply Depot  
  78  9:47  Supply Depot  
  78  9:49  Supply Depot  
  78  9:52  Supply Depot  
  78  10:01  Command Center  
  86  10:07  Hellion, Marauder x3  
  86  10:08  Medivac x2, Hellion  
  92  10:27  Liberator  
  92  10:28  Marauder, Hellion, Marine x2  
  98  10:29  Hellion  
  100  10:46  Marine x2  
  100  10:47  Medivac  
  100  10:49  Marine  
  108  10:51  Terran Infantry Armor Level 2  
  108  11:01  Terran Infantry Weapons Level 2  
  108  11:07  Marine  
  109  11:28  Refinery  
  102  11:41  Missile Turret  
  102  11:42  Missile Turret  
  102  11:51  Refinery  
  102  12:01  Planetary Fortress  
  102  12:09  SCV  
  103  12:21  SCV  
  104  12:33  SCV  
  105  12:45  SCV  
  106  12:52  Fusion Core  
  106  12:57  SCV  
  91  13:44  Missile Turret  
  91  14:00  Battlecruiser  
  91  14:01  Battlecruiser x2  
  109  14:17  Terran Ship Weapons Level 1, Terran Vehicle And Ship Armor Level 1  
  109  14:22  Weapon Refit  
  109  14:28  Medivac x2  
  113  14:48  Barracks Reactor x2  
  113  14:49  Barracks Reactor  
  113  14:52  Supply Depot  
  113  14:56  Supply Depot  
  113  14:58  Supply Depot  
  113  14:59  Supply Depot  
  113  15:05  Battlecruiser x2  
  125  15:41  Terran Infantry Armor Level 3, Terran Infantry Weapons Level 3  
  125  15:45  Marine  
  125  15:46  Marine x5  
  131  16:03  Marine x2  
  131  16:04  Marine x4  
  137  16:11  Command Center  
  137  16:21  Marine x6  
  137  16:24  Terran Vehicle And Ship Armor Level 2  
  143  16:28  Terran Ship Weapons Level 2  
  143  16:39  Marine x5  
  149  16:40  SCV x2  
  150  16:52  SCV x2  
  152  17:09  Battlecruiser  
  153  18:18  Battlecruiser x3  
  137  19:22  Battlecruiser  
  88  19:59  Battlecruiser  
  94  20:00  Battlecruiser  
  100  20:21  Planetary Fortress  
  100  20:26  Battlecruiser  
  98  21:04  Battlecruiser x2  
  104  21:30  Battlecruiser  
  110  21:45  Refinery x2  
  110  21:49  Missile Turret  
  110  21:57  Terran Vehicle And Ship Armor Level 3  
  110  22:08  Battlecruiser x2  
  116  22:11  Missile Turret  
  116  22:35  Battlecruiser  
  122  23:12  Battlecruiser  
  128  23:13  Battlecruiser  
  128  23:39  Battlecruiser  
  122  24:16  Battlecruiser  
  122  24:17  Battlecruiser  
  116  24:25  Command Center  
  110  24:43  Battlecruiser  
  116  25:21  Battlecruiser  
  122  25:26  Battlecruiser  
  116  26:55  Refinery  
  116  26:58  Refinery  
Tags
 
Composition
Lurkers
League
Silver
Matchup
TvZ
Spawn Locations
Cross Positions
Add a new tag
Caveats
  • Supply blocks, unpowered buildings, or Contaminate may cause inaccurate times.
  • Supply counts are checked every 10 seconds.